 Dungeon Crawl Stone Soup version 0.30-a0-777-ga9a30cbeda (webtiles) character file.

Game seed: 16896661836432578302

291 mopl the Magician (level 6, 0/36 HPs)
             Began as an Octopode Hedge Wizard on Feb 14, 2023.
             Slain by a phantom (5 damage)
             ... on level 4 of the Dungeon.
             The game lasted 00:06:10 (3939 turns).

mopl the Magician (Octopode Hedge Wizard)           Turns: 3939, Time: 00:06:11

Health: 0/36       AC:  1    Str: 10    XL:     6   Next: 32%
Magic:  0/12       EV: 13    Int: 18    God:
Gold:   241        SH:  0    Dex: 11    Spells: 7/13 levels left

rFire   . . .      SeeInvis .    a - staff of conjuration
rCold   . . .      Faith    .    (no shield)
rNeg    . . .      Spirit   .    d - +0 hat
rPois   .          Reflect  .    (no amulet)
rElec   .          Harm     .    (no ring)
rCorr   .          Rampage  .    (no ring)
Will    .....                    (no ring)
Stlth   +++                      (no ring)
HPRegen 0.26/turn                (no ring)
MPRegen 0.13/turn                (no ring)
                                 (no ring)
                                 (no ring)

@: no status effects
A: almost no armour, amphibious, 8 rings, camouflage 1, gelatinous body 1,
(nimble swimmer 1), tentacles
a: no special abilities


You were on level 4 of the Dungeon.
You visited 1 branch of the dungeon, and saw 5 of its levels.

You collected 241 gold pieces.

Inventory:

Hand Weapons
 b - a +0 dagger
Missiles
 h - 2 javelins
Armour
 d - a +0 hat (worn)
 q - an orb of energy
 t - a +0 buckler
Magical Staves
 a - a staff of conjuration (weapon)
Scrolls
 e - a scroll of vulnerability {unknown}
 g - a scroll of immolation {unknown}
 i - a scroll of identify
 j - a scroll of fear {unknown}
 k - 2 scrolls of butterflies {unknown}
 m - 2 scrolls of teleportation
 n - 2 scrolls of amnesia {unknown}
 p - 2 scrolls of noise {unknown}
 s - a scroll of enchant weapon {unknown}
 u - a scroll of poison {unknown}
Potions
 c - a potion of magic
 f - 8 potions of curing {unknown}
 l - a potion of heal wounds
 r - a potion of lignification {!q}


   Skills:
 - Level 2.0 Dodging
 - Level 2.6 Stealth
 + Level 4.0 Spellcasting
 + Level 2.9 Conjurations
 - Level 1.0 Summonings
 + Level 2.7 Translocations
 + Level 2.6 Poison Magic
 + Level 2.7 Evocations


You had 7 spell levels left.
You knew the following spells:

 Your Spells              Type           Power      Damage    Failure   Level
a - Magic Dart            Conj           84%        1d7       4%          1
c - Mephitic Cloud        Conj/Pois/Air  15%        N/A       21%         3
e - Blink                 Tloc           26%        N/A       7%          2

Your spell library contained the following spells:

 Spells                   Type           Power      Damage    Failure   Level
 Summon Small Mammal      Summ           28%        N/A       10%         1
 Freeze                   Ice            12%        1d3       14%         1
 Slow                     Hex            12%        N/A       14%         1
 Call Imp                 Summ           7%         N/A       14%         2
 Cigotuvi's Dreadful Rot  Necr/Pois/Air  12%        N/A       16%         2
 Hailstorm                Conj/Ice       13%        3d5       24%         3
 Call Canine Familiar     Summ           7%         N/A       28%         3
 Summon Guardian Golem    Hex/Summ       5%         N/A       34%         3
 Frozen Ramparts          Ice            6%         1d1       41%         3


Dungeon Overview and Level Annotations

Branches:
Dungeon (5/15)
 Temple: D:4-7

Altars:

Shops:
D:2 (

Annotations:
D:5 1 runed translucent door, Dowan; MoonlitKnight's ghost, novice MfGl


Innate Abilities, Weirdness & Mutations

You cannot wear most types of armour.
You are amphibious.
You can wear up to eight rings at the same time.
Your skin changes colour to match your surroundings (Stealth+).
Your rubbery body absorbs attacks. (AC +1, EV +1)
((You are camouflaged when in or above water. (Stealth+)))
You have tentacles for arms and can constrict up to eight enemies at once.


Message History

The magic dart hits the phantom but does no damage.
The phantom is severely damaged.
The phantom hits you.
Unknown command.
Casting: Magic Dart (safe; 4% risk of failure)
Confirm with . or Enter, or press ? or * to list all spells.
Aiming: Magic Dart (safe; 4% risk of failure)
Press: ? - help, Shift-Dir - straight line, f/p - phantom
Aim: a phantom (severely damaged, 100% to hit)
You feel a surge of power!
The magic dart hits the phantom.
The phantom is severely damaged.
The phantom hits you.
* * * LOW HITPOINT WARNING * * *
The phantom blinks!
You blink.
Unknown command.
Casting: Magic Dart (safe; 4% risk of failure)
Confirm with . or Enter, or press ? or * to list all spells.
Aiming: Magic Dart (safe; 4% risk of failure)
Press: ? - help, Shift-Dir - straight line, f/p - phantom
Aim: a phantom (severely damaged, 100% to hit)
You feel a surge of power!
The magic dart hits the phantom.
The phantom is almost destroyed.
The phantom hits you.
* * * LOW HITPOINT WARNING * * *
Unknown command.
Casting: Magic Dart (safe; 4% risk of failure)
Confirm with . or Enter, or press ? or * to list all spells.
Aiming: Magic Dart (safe; 4% risk of failure)
Press: ? - help, Shift-Dir - straight line, f/p - phantom
Aim: a phantom (almost destroyed, 100% to hit)
You feel a surge of power!
The magic dart hits the phantom but does no damage.
The phantom is almost destroyed.
The phantom completely misses you.
Unknown command.
You are too injured to fight recklessly!
You hit the phantom.
The phantom is almost destroyed.
The phantom hits you.
You die...

.....#.....#..................#..
.....#.....#..................#..
.....#.....#..................#..
.....#.....#..................#..
....[#.....#..........).......#..
.....#'#####..................##.
###...>.#..####'###.....##'#####.
..#.....'....#....#.....#......#.
..#.....#....#..@W#.....#......#.
..#.....#....#..[[#.....#......#.
..#.....#....#....#.....#......#.
..#.....#....#....#..ยง..#......#.
..#.....#....#....'.....#......#.
###.....###########.....#########
####### #######


You could see a phantom.

Vanquished Creatures
  A phantom (D:4)
  An orc priest (D:4)
  An iguana (D:5)
  6 adders
  A shadow imp (D:3)
  An ufetubus (D:4)
  A worm (D:3)
  4 dart slugs
  6 orcs
  6 ball pythons
  9 endoplasms
  3 giant cockroaches
  9 hobgoblins
  5 kobolds
  8 quokkas
  3 bats
  3 frilled lizards
  5 goblins
  9 rats
82 creatures vanquished.

Notes
Turn   | Place    | Note
-------+----------+-------------------------------------------
     0 | D:1      | mopl the Octopode Hedge Wizard began the quest for the Orb.
     0 | D:1      | Reached XP level 1. HP: 11/11 MP: 4/4
   117 | D:1      | Reached XP level 2. HP: 17/17 MP: 1/6
   476 | D:1      | Reached skill level 1 in Evocations
   490 | D:1      | Reached XP level 3. HP: 21/21 MP: 3/7
   870 | D:2      | Learned a level 2 spell: Blink
   874 | D:2      | Learned a level 3 spell: Mephitic Cloud
   987 | D:2      | You fall into a shaft and drop 1 floor!
  1108 | D:2      | Found Cucsud's Weapon Shoppe.
  1123 | D:2      | Reached skill level 2 in Conjurations
  1161 | D:2      | Reached XP level 4. HP: 27/27 MP: 1/9
  1198 | D:2      | Reached skill level 2 in Translocations
  1198 | D:2      | Reached skill level 1 in Poison Magic
  1706 | D:3      | Reached skill level 2 in Evocations
  1903 | D:3      | Reached XP level 5. HP: 28/31 MP: 6/10
  2714 | D:4      | Noticed a phantom
  2896 | D:4      | Killed a phantom
  2897 | D:4      | Reached skill level 2 in Poison Magic
  2897 | D:4      | Reached XP level 6. HP: 23/36 MP: 0/11
  3383 | D:5      | Entered Level 5 of the Dungeon
  3387 | D:5      | Found a runed translucent door.
  3387 | D:5      | Noticed MoonlitKnight's ghost (novice MfGl)
  3552 | D:5      | Noticed Dowan
  3564 | D:5      | Noticed an ice beast
  3863 | D:4      | Reached skill level 4 in Spellcasting
  3939 | D:4      | Slain by a phantom

Illustrated notes

Levels and vault maps discovered:
D:1:      dpeg_arrival_boxes_within_box, layout_basic, minivault_4,
          minmay_close_crescents
D:2:      layout_rooms, serial_shops, nicolae_shop_bloodbath_and_beyond
D:3:      layout_loops_corners
D:4:      layout_gridville
D:5:      layout_basic, hellmonk_ghost_happy_afterlife, uniq_duvessa,
          uniq_blork_the_orc

Skill      XL: |  1  2  3  4  5  6 |
---------------+-------------------+-----
Evocations     | 1 2 |  2.7
Conjurations   | 2 |  2.9
Translocations | 2 |  2.7
Poison Magic   | 1 2 |  2.6
Spellcasting   | 4 |  4.0
Dodging        | |  2.0
Stealth        | |  2.6
Summonings     | |  1.0

Action                     |  1- 3 |  4- 6 || total
---------------------------+-------+-------++-------
  Melee: Staff             |    40 |    42 ||    82
         Constrict         |    10 |    11 ||    21
         Tentacles         |     2 |     8 ||    10
   Cast: Magic Dart        |    53 |   145 ||   198
         Mephitic Cloud    |       |     1 ||     1
         Blink             |       |     1 ||     1
    Use: Scroll            |       |     5 ||     5
   Stab: Sleeping          |     2 |     3 ||     5
 Armour: Skin              |     3 |     2 ||     5
  Dodge: Dodged            |    28 |    53 ||    81

Table legend: (Time is in decaauts)
 A = Elapsed time spent in this place.
 B = Non-inter-level travel time spent in this place.
 C = Inter-level travel time spent in this place.
 D = Time resting spent in this place.
 E = Time spent auto-exploring this place.
 F = Levels seen in this place.
 G = Mean time per level.
                   A        B        C        D        E       F      G
               +--------+--------+--------+--------+--------+-----+--------+
         Total |   3959 |   3692 |    267 |    672 |   2381 |   5 |  791.8 |
       Dungeon |   3959 |   3692 |    267 |    672 |   2381 |   5 |  791.8 |
               +--------+--------+--------+--------+--------+-----+--------+

Top non-repeatable levels by time:
     D:4: 1520 daAuts
     D:3: 918 daAuts
     D:1: 864 daAuts
     D:2: 560 daAuts
     D:5: 95 daAuts
